 Dungeon Crawl Stone Soup version 0.32-a0-7-ge934b4519a (webtiles) character file.

Game seed: 14178603572238102892

46 Xavori the Trooper (level 3, -2/30 HPs)
             Began as a Djinni Chaos Knight on Jan 13, 2024.
             Was a Plaything of Xom.
             Slain by a cerulean imp
             ... wielding a +2 spear
             ... summoned by Natasha
              (5 damage)
             ... on level 2 of the Dungeon.
             The game lasted 00:00:55 (9885 turns).

Xavori the Trooper (Djinni Chaos Knight)            Turns: 9885, Time: 00:00:56

Health: -2/30      AC:  3    Str:  9    XL:     3   Next: 92%
Gold:   52         EV: 11    Int: 13    God:    Xom [..*...] SH:  0 Dex: 10

rFire   + + +        a - +0 falchion (chaos)
rCold   x . .        (no shield)
rNeg    . . .        b - +2 leather armour
rPois   ∞            (helmet restricted)
rElec   .            (no cloak)
rCorr   .            (no gloves)
SInv    .            (boots unavailable)
Will    .....        (no amulet)
Stlth   +            (no ring)
HPRegen 0.25/turn    (no ring)
MPRegen 0.00/turn

%: infuse magic (-3 HP)
@: flying, slowed, very slow
A: sickness immunity, fire resistance 3, cold vulnerability 1, float, innate
caster, HP casting, extra vitality 1, antennae 1, clumsy 2, deformed body,
screaming 1, weak 1, evolution 1
a: Renounce Religion


You were on level 2 of the Dungeon.
You worshipped Xom.
You were a toy of Xom.
You visited 1 branch of the dungeon, and saw 2 of its levels.

You collected 52 gold pieces.

Inventory:

Hand Weapons
 a - a +0 falchion of chaos (weapon)
Armour
 b - a +2 leather armour (worn)
Jewellery
 g - a +6 ring of dexterity
Scrolls
 c - a scroll of butterflies
 d - 2 scrolls of poison {unknown}
 e - a scroll of immolation {unknown}
 f - a scroll of enchant weapon {unknown}
 h - a scroll of identify {unknown}
Potions
 i - a potion of curing {unknown}


   Skills:
 + Level 3.2 Fighting
 + Level 3.0 Long Blades
 + Level 1.5 Armour
 + Level 2.6 Dodging
 * Level 1.2 Spellcasting
 * Level 1.2 Conjurations
 * Level 1.2 Hexes
   Level 0.0 Charms
 * Level 1.2 Summonings
 * Level 1.2 Necromancy
 * Level 1.2 Translocations
   Level 0.0 Transmutations
 * Level 1.2 Fire Magic
 * Level 1.2 Ice Magic
 * Level 1.2 Air Magic
 * Level 1.2 Earth Magic
 * Level 1.2 Alchemy


You knew the following spells:

 Your Spells              Type           Power      Damage    Failure   Level
a - Necrotise             Necr           16%        1d4       22%         1
Your spell library was empty.

Dungeon Overview and Level Annotations

Branches:
Dungeon (2/15)

Altars:

Annotations:
D:2 Natasha


Innate Abilities, Weirdness & Mutations

You are immune to sickness and miasma.
You are immune to poison.
Your flesh is almost immune to the effects of heat. (rF+++)
You are vulnerable to cold. (rC-)
You float through the air rather than walking.
You learn spells naturally, not from books.
Your magical power is your life essence.
You have superior vitality. (+4 MHP)
You have a pair of small antennae on your head.
You are very clumsy. (Dex -4)
Armour fits poorly on your strangely shaped body.
You occasionally shout uncontrollably at your foes.
You are weak. (Str -2)
You have hidden genetic potential.


Message History

Unknown command.
You are too injured to fight recklessly!
You hit Natasha.
Natasha is heavily wounded.
Natasha wildly gestures.
Natasha glows brightly for a moment.
Natasha claws you.
You hit Natasha but do no damage.
Natasha is heavily wounded.
Natasha casts a spell at you.
You feel as though you will be slow longer.
Natasha closely misses you.
You hit Natasha. You freeze Natasha.
Natasha is severely wounded.
Natasha claws you.
* * * LOW HITPOINT WARNING * * *
Natasha barely misses you.
You barely miss Natasha.
Natasha is severely wounded.
Natasha casts a spell at you.
You feel as though you will be slow longer.
Natasha mumbles some strange words.
You miss Natasha.
Natasha is severely wounded.
Natasha casts a spell at you. You resist with some effort.
The cerulean imp closely misses you.
Unknown command.
You closely miss Natasha.
Natasha is severely wounded.
The cerulean imp hits you from afar with a +2 spear.
* * * LOW HITPOINT WARNING * * *
Natasha closely misses you. The cerulean imp barely misses you.
Natasha wildly gestures.
Natasha shimmers violently.
Natasha barely misses you.
You closely miss Natasha.
Natasha is severely wounded.
The cerulean imp hits you from afar with a +2 spear.
You die...
Xom thinks this is hilarious!

#.###
##.....##
####.# ...
##...## #.#
##.. ##'##
#.# #. #.#
#.# #)# #.#
##.##
#.####...##
#.........#
[.####.@.5#
##h#.#
#.#.# .....
#.#.## ...
#.# #.#


You could see Natasha and a cerulean imp (summoned).

Vanquished Creatures
  Natasha (D:2)
  A bat (D:1)
  An endoplasm (D:1)
  A giant cockroach (D:1)
  2 goblins (D:1)
  5 hobgoblins
  4 kobolds
  3 ball pythons
  A frilled lizard (D:1)
19 creatures vanquished.

Notes
Turn   | Place    | Note
-------+----------+-------------------------------------------
     0 | D:1      | Xavori the Djinni Chaos Knight began the quest for the Orb.
     0 | D:1      | Reached XP level 1. HP: 20/20 MP: 0/0
    75 | D:1      | Reached XP level 2. HP: 13/25 MP: 0/0
   723 | D:1      | XOM: noise
   896 | D:1      | XOM: divination: detect creatures
  1181 | D:1      | XOM: torment (14/25 hp)
  2082 | D:1      | XOM is BORED!
  2082 | D:1      | XOM: give mutations
  2082 | D:1      | Gained mutation: You are weak. (Str -2) [Xom's mischief]
  2082 | D:1      | Gained mutation: You occasionally shout uncontrollably at
                  | your foes. [Xom's mischief]
  2538 | D:1      | XOM: summons 2 hostile shadow creatures
  2863 | D:1      | XOM: torment (14/25 hp)
  3147 | D:1      | XOM: give mutations
  3147 | D:1      | Gained mutation: You have a pair of small antennae on your
                  | head. [Xom's mischief]
  3147 | D:1      | Gained mutation: You are clumsy. (Dex -2) [Xom's mischief]
  3147 | D:1      | Gained mutation: Armour fits poorly on your strangely
                  | shaped body. [Xom's mischief]
  3333 | D:1      | XOM: give mutation
  3333 | D:1      | Gained mutation: You have hidden genetic potential. [Xom's
                  | mischief]
  3353 | D:1      | XOM: give mutation
  3353 | D:1      | Gained mutation: You are very clumsy. (Dex -4) [Xom's
                  | mischief]
  4472 | D:1      | XOM: divination: detect creatures
  4976 | D:1      | XOM: silly message
  5219 | D:1      | XOM: silly message
  6031 | D:1      | XOM: divination: magic mapping
  6082 | D:1      | XOM: divination: detect items
  6355 | D:1      | XOM: cloud trail
  6531 | D:1      | XOM: noise
  6624 | D:1      | XOM: cloud trail
  6812 | D:1      | XOM: silly message
  7351 | D:1      | XOM is BORED!
  7351 | D:1      | XOM: noise
  7356 | D:1      | XOM: god gift: 12 gold pieces
  8429 | D:1      | XOM: silly message
  8564 | D:1      | XOM: noise
  8866 | D:1      | XOM is BORED!
  9018 | D:1      | XOM: noise
  9732 | D:2      | XOM: divination: magic mapping
  9745 | D:2      | Noticed Natasha
  9749 | D:2      | Killed Natasha
  9750 | D:2      | Reached skill level 1 in Spellcasting
  9750 | D:2      | Reached skill level 1 in Conjurations
  9750 | D:2      | Reached skill level 1 in Hexes
  9750 | D:2      | Reached skill level 1 in Summonings
  9750 | D:2      | Reached skill level 1 in Necromancy
  9750 | D:2      | Reached skill level 1 in Translocations
  9750 | D:2      | Reached skill level 1 in Fire Magic
  9750 | D:2      | Reached skill level 1 in Ice Magic
  9750 | D:2      | Reached skill level 1 in Air Magic
  9750 | D:2      | Reached skill level 1 in Earth Magic
  9750 | D:2      | Reached skill level 1 in Alchemy
  9750 | D:2      | Reached XP level 3. HP: 17/30 MP: 0/0
  9750 | D:2      | Learned a level 1 spell: Necrotise
  9750 | D:2      | Gained mutation: Your flesh is almost immune to the effects
                  | of heat. (rF+++) [hidden potential]
  9872 | D:2      | Noticed Natasha
  9885 | D:2      | Slain by a cerulean imp

Illustrated notes

Levels and vault maps discovered:
D:1:      onia_arrival_mini_maze_b, layout_rooms
D:2:      minmay_evil_eye, layout_loops_corners, serial_shops,
          nicolae_shop_bloodbath_and_beyond, uniq_natasha

Skill      XL: |  1  2  3 |
---------------+----------+-----
Spellcasting   | 1 |  1.2
Conjurations   | 1 |  1.2
Hexes          | 1 |  1.2
Summonings     | 1 |  1.2
Necromancy     | 1 |  1.2
Translocations | 1 |  1.2
Fire Magic     | 1 |  1.2
Ice Magic      | 1 |  1.2
Air Magic      | 1 |  1.2
Earth Magic    | 1 |  1.2
Alchemy        | 1 |  1.2
Long Blades    | 3 |  3.0
Fighting       | |  3.2
Armour         | |  1.5
Dodging        | |  2.6

Action                     || total
---------------------------++-------
  Melee: Falchion          ||    62
         Punch             ||     1
 Armour: Leather armour    ||    43
  Dodge: Dodged            ||    53

Table legend: (Time is in decaauts)
 A = Elapsed time spent in this place.
 B = Non-inter-level travel time spent in this place.
 C = Inter-level travel time spent in this place.
 D = Time resting spent in this place.
 E = Time spent auto-exploring this place.
 F = Levels seen in this place.
 G = Mean time per level.
                   A        B        C        D        E       F      G
               +--------+--------+--------+--------+--------+-----+--------+
         Total |   9900 |   9839 |     61 |   9145 |    543 |   2 | 4950.0 |
       Dungeon |   9900 |   9839 |     61 |   9145 |    543 |   2 | 4950.0 |
               +--------+--------+--------+--------+--------+-----+--------+

Top non-repeatable levels by time:
     D:1: 9724 daAuts
     D:2: 176 daAuts
